Cogmind - Beta 13 @@@ ROGUE MODE // 2024.07.22 @ 16:21:55 Player: N.W.L Result: Escaped! Performance ------------- Evolutions (9) 4500 Regions Visited (16) 3200 Robots Destroyed (13) 65 Value Destroyed (243) 243 Prototype IDs (29) 580 Alien Tech Used (0) 0 Bonus (14412) 14412 TOTAL SCORE: 23000 Bonus ------- Follower Combat Kills 7 Entered DSFs 1000 Aligned with FarCom 300 Win 3000 Win Speed 10105 Cogmind --------- Core Integrity 1600/1600 Matter 165/300 Energy 224/240 System Corruption 0% Temperature Hot (235) Movement Flying (20) Location To Epsilon Eridani Parts ------- > --- POWER (2) -------- Micro Antimatter Reactor Light Quantum Reactor > --- PROPULSION (11) -- Nuclear Pulse Array Diametric Drive Q-thruster Q-thruster Q-thruster Q-thruster Q-thruster Q-thruster Q-thruster Q-thruster > --- UTILITY (10) ----- Advanced Power Amplifier Medium Storage Unit Advanced Visual Processing Unit Advanced Signal Interpreter Reaction Control System Experimental Thermal Shield Hacking Suite Hacking Suite Experimental Hacking Suite Advanced System Shield > --- WEAPON (2) ------- Advanced Plasma Cannon Heavy Flail > --- INVENTORY (10) --- Flying Fortress v7 Q-thruster Q-thruster Improved Transmission Jammer Graphene Brace Improved Force Field Enhanced Coil Gun Peak State ------------ > --- POWER ------------ Micro Antimatter Reactor Light Quantum Reactor > --- PROPULSION ------- Nuclear Pulse Array Diametric Drive Q-thruster Q-thruster Q-thruster Q-thruster Q-thruster Q-thruster Q-thruster Q-thruster > --- UTILITY ---------- Advanced Power Amplifier Medium Storage Unit Advanced Visual Processing Unit Advanced Signal Interpreter Improved Transmission Jammer Reaction Control System Experimental Thermal Shield Hacking Suite Experimental Hacking Suite Advanced System Shield > --- WEAPON ----------- Advanced Plasma Cannon Heavy Flail > --- INVENTORY -------- Flying Fortress v7 Q-thruster Q-thruster Improved Coolant Injector Graphene Brace Improved Force Field Enhanced Coil Gun [Rating: 168] Favorites ----------- Power Light Fission Core Engine Light Ion Engine Power Core Light Fission Core Reactor Micro Antimatter Reactor Propulsion Q-thruster Flight Unit Q-thruster Utility Advanced Visual Processing Unit Device Reaction Control System Storage Medium Storage Unit Processor Advanced Visual Processing Unit Hackware Hacking Suite Weapon Advanced Plasma Cannon Energy Cannon Advanced Plasma Cannon Ballistic Gun Enhanced Coil Gun Impact Weapon Heavy Flail Build | -11 -10 -10 -10 -9 -8 -7 -6 -6 -5 -4 -4 -4 -3 -3 -2 -1 ------- Run | Yrd Mat Min Exi Min Mat Fac Fac DSF Fac Fac Upp Upp Res DSF Res Acc Slots Evolved 18 | . . . . . 4 2 2 . 2 2 . . 2 . 2 2 Power 1 | . . . . . . . . . . . . . 1 . . . Propulsion 9 | . . . . . 2 2 2 . 2 . . . . . . 1 Utility 8 | . . . . . 2 . . . . 2 . . 1 . 2 1 Weapon . | . . . . . . . . . . . . . . . . . Parts Attached 60 | . 1 3 . 1 5 2 3 1 13 6 4 . 2 1 4 14 Power 6 | . . . . . . . 1 1 . . . . 1 1 1 1 Engine 1 | . . . . . . . 1 . . . . . . . . . Core 3 | . . . . . . . . 1 . . . . 1 1 . . Reactor 2 | . . . . . . . . . . . . . . . 1 1 Propulsion 22 | . . 2 . . 1 2 2 . 5 2 4 . . . . 4 Treads . | . . . . . . . . . . . . . . . . . Leg . | . . . . . . . . . . . . . . . . . Wheel . | . . . . . . . . . . . . . . . . . Hover . | . . . . . . . . . . . . . . . . . Flight 22 | . . 2 . . 1 2 2 . 5 2 4 . . . . 4 Utility 25 | . . . . 1 4 . . . 5 4 . . 1 . 3 7 Device 12 | . . . . 1 1 . . . . 3 . . 1 . 1 5 Storage 1 | . . . . . . . . . 1 . . . . . . . Processor 3 | . . . . . 2 . . . . . . . . . 1 . Hackware 9 | . . . . . 1 . . . 4 1 . . . . 1 2 Protection . | . . . . . . . . . . . . . . . . . Artifact . | . . . . . . . . . . . . . . . . . Weapon 7 | . 1 1 . . . . . . 3 . . . . . . 2 Energy Gun . | . . . . . . . . . . . . . . . . . Energy Cannon 2 | . . . . . . . . . 1 . . . . . . 1 Ballistic Gun 4 | . 1 1 . . . . . . 2 . . . . . . . Ballistic Cannon . | . . . . . . . . . . . . . . . . . Launcher . | . . . . . . . . . . . . . . . . . Special Weapon . | . . . . . . . . . . . . . . . . . Impact Weapon 1 | . . . . . . . . . . . . . . . . 1 Slashing Weapon . | . . . . . . . . . . . . . . . . . Piercing Weapon . | . . . . . . . . . . . . . . . . . Special Melee Weapon . | . . . . . . . . . . . . . . . . . Unidentified Prototypes 6 | . . . . 1 . 1 . . 1 1 . . . . 1 1 Parts Lost 2 | . . . . . 1 . . 1 . . . . . . . . Power . | . . . . . . . . . . . . . . . . . Propulsion . | . . . . . . . . . . . . . . . . . Utility 1 | . . . . . . . . 1 . . . . . . . . Weapon 1 | . . . . . 1 . . . . . . . . . . . Highest Loss Streak 1 | . . . . . 1 . . 1 . . . . . . . . To Critical Strikes . | . . . . . . . . . . . . . . . . . Average Slot Usage (%) 64 | . 12 28 57 57 39 61 66 70 65 68 86 89 90 90 88 92 Core 3 | . . . . . . . . 4 5 5 5 5 9 9 7 1 Flight 26 | . . 8 28 28 9 23 33 33 27 26 39 42 38 38 34 37 Device 5 | . . . . . 3 7 6 6 2 9 10 10 14 14 14 13 Storage 2 | . . . . . . . . . 2 5 5 5 4 4 4 4 Processor 6 | . . . . . 10 15 13 13 8 5 5 5 4 4 7 8 Hackware 5 | . . . . . 3 7 6 3 4 5 10 10 9 9 8 12 Energy Cannon 2 | . . . . . . . . . 4 5 5 5 4 4 4 4 Ballistic Gun 8 | . 12 19 28 28 13 7 6 6 5 5 5 5 4 4 4 . Naked Turns 14 | . 14 . . . . . . . . . . . . . . . Heaviest Build 55 | . 2 3 3 3 3 2 5 9 31 36 35 35 54 54 55 52 Greatest Support 92 | 3 3 8 8 8 50 60 69 69 92 91 91 40 73 73 73 76 Greatest Overweight (x) . | . . . . . . . . . . . . . . . . . Average Overweight (x) . | . . . . . . . . . . . . . . . . . Largest Inventory Capacity 10 | 5 5 5 5 5 5 5 5 5 10 10 10 10 10 10 10 10 Average Capacity 7 | 5 5 5 5 5 5 5 5 5 7 10 10 10 10 10 10 10 Most Carried 10 | . . . 4 4 5 4 2 5 10 10 10 10 10 10 10 10 Average Carried 5 | . . . 1 4 3 3 1 2 6 9 9 10 8 10 9 9 Final Capacity 10 | 5 5 5 5 5 5 5 5 5 10 10 10 10 10 10 10 10 Final Carried 10 | . . . 4 4 5 3 1 5 10 10 10 10 10 10 10 10 Class Distribution -------------------- 37% | Sprinter 35% | Mutant 17% | Hacker-Sprinter 9% | Machinist-Sprinter Dominant Class ---------------- Mutant | -10/Materials Mutant | -10/Mines Mutant | -10/Exiles Mutant | -9/Mines Mutant | -8/Materials Mutant | -7/Factory Mutant | -6/Factory Mutant | -6/DSF Sprinter | -5/Factory Sprinter | -4/Factory Machinist-Sprinter | -4/Upper Caves Machinist-Sprinter | -4/Upper Caves Machinist-Sprinter | -3/Research Machinist-Sprinter | -3/DSF Machinist-Sprinter | -2/Research Hacker-Sprinter | -1/Access Resources | -11 -10 -10 -10 -9 -8 -7 -6 -6 -5 -4 -4 -4 -3 -3 -2 -1 ----------- Run | Yrd Mat Min Exi Min Mat Fac Fac DSF Fac Fac Upp Upp Res DSF Res Acc Matter Collected 883 | . . 179 . . 150 . 12 . 280 . . . . . . 262 Remotely . | . . . . . . . . . . . . . . . . . Salvage Created 459 | . 28 176 . . . . 12 . 243 . . . . . . . Parts 28 | . 2 9 . . . . 2 . 15 . . . . . . . Haulers Intercepted 1 | . . . . . . . . . 1 . . . . . . . Recyclers Shooed . | . . . . . . . . . . . . . . . . . Parts Field Recycled . | . . . . . . . . . . . . . . . . . Retrieved Matter . | . . . . . . . . . . . . . . . . . Parts Self-Destructed . | . . . . . . . . . . . . . . . . . Prevented . | . . . . . . . . . . . . . . . . . Kills | -11 -10 -10 -10 -9 -8 -7 -6 -6 -5 -4 -4 -4 -3 -3 -2 -1 ------- Run | Yrd Mat Min Exi Min Mat Fac Fac DSF Fac Fac Upp Upp Res DSF Res Acc Combat Hostiles Destroyed 3 | . . 2 . . . . . . 1 . . . . . . . Guns 2 | . . 2 . . . . . . . . . . . . . . AOE 1 | . . . . . . . . . 1 . . . . . . . Classes Destroyed 8 | . 1 2 . . . . 1 . 4 . . . . . . . Worker 1 | . . . . . . . 1 . . . . . . . . . Tunneler 3 | . 1 1 . . . . . . 1 . . . . . . . Hauler 1 | . . . . . . . . . 1 . . . . . . . Recycler 2 | . . 2 . . . . . . . . . . . . . . Operator 1 | . . . . . . . . . 1 . . . . . . . Watcher 2 | . . . . . . . . . 2 . . . . . . . Swarmer 2 | . . 2 . . . . . . . . . . . . . . Grunt 1 | . . . . . . . . . 1 . . . . . . . Best Kill Streak 4 | . 1 4 . . . . 1 . 3 . . . . . . . Combat Bots Only 2 | . . 2 . . . . . . 1 . . . . . . . Max Kills in Single Turn 1 | . 1 1 . . . . 1 . 1 . . . . . . . Gunslinging . | . . . . . . . . . . . . . . . . . Exploded 1 | . . . . . . . . . 1 . . . . . . . Melee . | . . . . . . . . . . . . . . . . . Uniques/NPCs Destroyed . | . . . . . . . . . . . . . . . . . Combat | -11 -10 -10 -10 -9 -8 -7 -6 -6 -5 -4 -4 -4 -3 -3 -2 -1 -------- Run | Yrd Mat Min Exi Min Mat Fac Fac DSF Fac Fac Upp Upp Res DSF Res Acc Hostile Shots Fired 73 | . 11 12 . . 35 . . 4 5 . . . . 2 2 2 Missed 31 | . 4 8 . . 14 . . . 4 . . . . . . 1 Damage Taken 1134 | . 95 37 . . 407 . . 199 208 . . . . 106 58 24 Core 221 | . 57 8 . . 50 . . 61 15 . . . . . 30 . Absorbed by Shields 33 | . . . . . . . . . . . . . . 33 . . Core Remaining (%) 95 | 100 . . . 74 90 100 . 92 98 . . 100 . 100 97 100 Volleys Fired 126 | . 13 9 . . 3 . 42 . 37 10 . . . . 11 1 Largest 2 | . 1 2 . . 2 . 1 . 2 1 . . . . 1 1 Hottest 128 | . 20 40 . . 40 . 20 . 128 98 . . . . 98 98 Shots Fired 143 | . 13 12 . . 5 . 42 . 49 10 . . . . 11 1 Gun 99 | . 13 12 . . 5 . 42 . 27 . . . . . . . Cannon 44 | . . . . . . . . . 22 10 . . . . 11 1 Launcher . | . . . . . . . . . . . . . . . . . Special . | . . . . . . . . . . . . . . . . . Kinetic 99 | . 13 12 . . 5 . 42 . 27 . . . . . . . Thermal 44 | . . . . . . . . . 22 10 . . . . 11 1 Explosive . | . . . . . . . . . . . . . . . . . Electromagnetic . | . . . . . . . . . . . . . . . . . Robot Hit Streak 9 | . 3 3 . . 4 . 9 . 5 3 . . . . . . Robot Miss Streak 4 | . 2 2 . . 2 . 3 . 4 1 . . . . . . Penetration Max . | . . . . . . . . . . . . . . . . . Secondary Targets . | . . . . . . . . . . . . . . . . . Shots Hit Robots 62 | . 6 7 . . 3 . 30 . 15 1 . . . . . . Core Hits 24 | . 3 6 . . 1 . 6 . 8 . . . . . . . Critical Kills . | . . . . . . . . . . . . . . . . . Critical Parts Destroyed . | . . . . . . . . . . . . . . . . . Critical Strikes . | . . . . . . . . . . . . . . . . . Melee Attacks 8 | . . . . . . . . . . . . . . . . 8 Impact 8 | . . . . . . . . . . . . . . . . 8 Slashing . | . . . . . . . . . . . . . . . . . Piercing . | . . . . . . . . . . . . . . . . . Sneak Attacks . | . . . . . . . . . . . . . . . . . Combat Hostiles . | . . . . . . . . . . . . . . . . . Follow-up Attacks . | . . . . . . . . . . . . . . . . . Damage Inflicted 1096 | . 87 98 . . 40 . 245 . 595 31 . . . . . . Guns 702 | . 87 98 . . 37 . 245 . 235 . . . . . . . Cannons 319 | . . . . . . . . . 288 31 . . . . . . Explosions 72 | . . . . . . . . . 72 . . . . . . . Melee . | . . . . . . . . . . . . . . . . . Ramming 3 | . . . . . 3 . . . . . . . . . . . Kinetic 702 | . 87 98 . . 37 . 245 . 235 . . . . . . . Thermal 391 | . . . . . . . . . 360 31 . . . . . . Explosive . | . . . . . . . . . . . . . . . . . Electromagnetic . | . . . . . . . . . . . . . . . . . Impact . | . . . . . . . . . . . . . . . . . Slashing . | . . . . . . . . . . . . . . . . . Piercing . | . . . . . . . . . . . . . . . . . Highest Corruption . | . . . . . . . . . . . . . . . . . Average Corruption . | . . . . . . . . . . . . . . . . . Corruption Purged . | . . . . . . . . . . . . . . . . . Corruption Blocked . | . . . . . . . . . . . . . . . . . Overload Shots . | . . . . . . . . . . . . . . . . . Overflow Damage 12 | . . . . . . . . . 12 . . . . . . . Projectiles 12 | . . . . . . . . . 12 . . . . . . . Explosions . | . . . . . . . . . . . . . . . . . Melee . | . . . . . . . . . . . . . . . . . Knockbacks . | . . . . . . . . . . . . . . . . . Impact . | . . . . . . . . . . . . . . . . . Kinetic . | . . . . . . . . . . . . . . . . . Secondary . | . . . . . . . . . . . . . . . . . Self-Inflicted Damage 144 | . . . . . 1 . . . 143 . . . . . . . Shots 2 | . . . . . . . . . 2 . . . . . . . Rammed 1 | . . . . . 1 . . . . . . . . . . . Targets Rammed 1 | . . . . . 1 . . . . . . . . . . . Kicked . | . . . . . . . . . . . . . . . . . Crushed . | . . . . . . . . . . . . . . . . . Highest Temperature 391 | . . . . . 5 . . . 391 191 189 . 176 132 199 240 Average Temperature 116 | . . . . . 3 . . . 135 64 104 . 130 70 121 116 Received Heat Transfer 234 | . 57 6 . . 135 . . . 27 . . . . . 9 . Effects 6 | . . . . . . . . . 6 . . . . . . . Shutdowns 3 | . . . . . . . . . 3 . . . . . . . Interference 3 | . . . . . . . . . 3 . . . . . . . Siege Activations . | . . . . . . . . . . . . . . . . . Robots Corrupted . | . . . . . . . . . . . . . . . . . Combat Hostiles . | . . . . . . . . . . . . . . . . . Parts Fried . | . . . . . . . . . . . . . . . . . Impact Corruptions . | . . . . . . . . . . . . . . . . . Robots Melted . | . . . . . . . . . . . . . . . . . Combat Hostiles . | . . . . . . . . . . . . . . . . . Parts Melted . | . . . . . . . . . . . . . . . . . Heat Transferred 550 | . . . . . . . . . 500 50 . . . . . . Parts Sabotaged . | . . . . . . . . . . . . . . . . . Parts Stolen . | . . . . . . . . . . . . . . . . . Parts Stripped . | . . . . . . . . . . . . . . . . . Power Chain Reactions . | . . . . . . . . . . . . . . . . . Alert | -11 -10 -10 -10 -9 -8 -7 -6 -6 -5 -4 -4 -4 -3 -3 -2 -1 ------- Run | Yrd Mat Min Exi Min Mat Fac Fac DSF Fac Fac Upp Upp Res DSF Res Acc Peak Influence 396 | . 20 130 . . 148 67 37 43 396 152 . . 51 38 96 299 Initial 115 | . . 7 . . . 67 32 28 16 115 . . 51 38 21 57 Average 145 | . 17 67 . . 56 67 32 32 263 141 . . 51 38 66 179 Maximum Alert Level 1 | . . . . . . . . . 1 . . . . . . 1 Low Security (%) 73 | 100 100 100 . 100 100 100 100 100 34 100 . . 100 100 100 62 Level 1 26 | . . . . . . . . . 65 . . . . . . 37 Level 2 . | . . . . . . . . . . . . . . . . . Level 3 . | . . . . . . . . . . . . . . . . . Level 4 . | . . . . . . . . . . . . . . . . . Level 5 . | . . . . . . . . . . . . . . . . . High Security . | . . . . . . . . . . . . . . . . . Max Security . | . . . . . . . . . . . . . . . . . Squads Dispatched 9 | . 1 . . . 2 . . . 4 . . . . . 2 . Investigation 4 | . . . . . 1 . . . 2 . . . . . 1 . Extermination . | . . . . . . . . . . . . . . . . . Reinforcement 5 | . 1 . . . 1 . . . 2 . . . . . 1 . Assault . | . . . . . . . . . . . . . . . . . Garrison . | . . . . . . . . . . . . . . . . . Intercept . | . . . . . . . . . . . . . . . . . Searches Triggered . | . . . . . . . . . . . . . . . . . Construction Impeded . | . . . . . . . . . . . . . . . . . Haulers Reinforced 1 | . . . . . . . . . 1 . . . . . . . Active Scanning Responses . | . . . . . . . . . . . . . . . . . Cargo Convoy Interrupts . | . . . . . . . . . . . . . . . . . Stealth | -11 -10 -10 -10 -9 -8 -7 -6 -6 -5 -4 -4 -4 -3 -3 -2 -1 --------- Run | Yrd Mat Min Exi Min Mat Fac Fac DSF Fac Fac Upp Upp Res DSF Res Acc Distress Signals 3 | . . . . . . . . . 2 . . . . . . 1 Communications Jammed 2 | . . . . . . . . . . . . . . . . 2 Distress Signals 2 | . . . . . . . . . . . . . . . . 2 Times Spotted 61 | . 6 5 . . 13 . . 2 14 1 . . . 1 1 18 Peak Tracking Total 10 | . 4 3 . . 10 1 . 1 4 1 . . . 1 1 6 Tactical Retreats 9 | . . 1 . . 2 . . 1 3 . . . . . . 2 Traps | -11 -10 -10 -10 -9 -8 -7 -6 -6 -5 -4 -4 -4 -3 -3 -2 -1 ------- Run | Yrd Mat Min Exi Min Mat Fac Fac DSF Fac Fac Upp Upp Res DSF Res Acc Traps Triggered 2 | . . . . . . . . . 1 . . . . . . 1 Indirectly . | . . . . . . . . . . . . . . . . . Trap Hack Attempts . | . . . . . . . . . . . . . . . . . Triggered . | . . . . . . . . . . . . . . . . . Disarmed . | . . . . . . . . . . . . . . . . . Reprogrammed . | . . . . . . . . . . . . . . . . . Reused . | . . . . . . . . . . . . . . . . . Traps Extracted . | . . . . . . . . . . . . . . . . . Installed . | . . . . . . . . . . . . . . . . . Triggered . | . . . . . . . . . . . . . . . . . Machines | -11 -10 -10 -10 -9 -8 -7 -6 -6 -5 -4 -4 -4 -3 -3 -2 -1 ---------- Run | Yrd Mat Min Exi Min Mat Fac Fac DSF Fac Fac Upp Upp Res DSF Res Acc Machines Disabled 5 | . . . . . . . . . 4 . . . . . . 1 Max in Single Turn 2 | . . . . . . . . . 2 . . . . . . 1 Garrison Access 2 | . . . . . . . . . 1 . . . . . . 1 Machines Repaired . | . . . . . . . . . . . . . . . . . Machines Dismantled . | . . . . . . . . . . . . . . . . . Machines Sabotaged . | . . . . . . . . . . . . . . . . . Overloaded Fab Kills . | . . . . . . . . . . . . . . . . . Hacking | -11 -10 -10 -10 -9 -8 -7 -6 -6 -5 -4 -4 -4 -3 -3 -2 -1 --------- Run | Yrd Mat Min Exi Min Mat Fac Fac DSF Fac Fac Upp Upp Res DSF Res Acc Machines Accessed 34 | . . . 2 1 5 . 1 . 13 2 . . 1 . 2 7 Terminals 21 | . . . . . 5 . 1 . 7 1 . . 1 . 1 5 Fabricators 4 | . . . . . . . . . 2 1 . . . . . 1 Repair Stations 1 | . . . . . . . . . . . . . . . 1 . Recycling Units 1 | . . . . . . . . . 1 . . . . . . . Scanalyzers 2 | . . . . . . . . . 2 . . . . . . . Garrison Access 2 | . . . . . . . . . 1 . . . . . . 1 Total Hacks 89 | . . . 5 1 16 . 2 . 30 5 . . 1 . 10 19 Successful 45 | . . . 5 1 9 . 1 . 16 2 . . 1 . 3 7 Failed 44 | . . . . . 7 . 1 . 14 3 . . . . 7 12 Catastrophic 12 | . . . . . 5 . . . 5 . . . . . 2 . Database Lockouts . | . . . . . . . . . . . . . . . . . Manual 40 | . . . 1 . 10 . . . 13 3 . . . . 4 9 Terminals 51 | . . . . . 16 . 2 . 14 2 . . 1 . 4 12 Fabricators 17 | . . . . . . . . . 8 3 . . . . . 6 Repair Stations 6 | . . . . . . . . . . . . . . . 6 . Recycling Units 2 | . . . . . . . . . 2 . . . . . . . Scanalyzers 4 | . . . . . . . . . 4 . . . . . . . Garrison Access 3 | . . . . . . . . . 2 . . . . . . 1 Terminal Hacks 22 | . . . 5 1 8 . 1 . 3 . . . 1 . 2 1 Record 4 | . . . 4 . . . . . . . . . . . . . Robot Analysis 1 | . . . . . 1 . . . . . . . . . . . Open Door 2 | . . . . 1 . . . . . . . . . . . 1 Open DSF 3 | . . . . . . . 1 . 1 . . . 1 . . . Level Access Points 3 | . . . . . 1 . . . 1 . . . . . 1 . Branch Access Points 1 | . . . . . 1 . . . . . . . . . . . Machine Index 1 | . . . . . 1 . . . . . . . . . . . Terminal Index 1 | . . . . . . . . . . . . . . . 1 . Alert Level 1 | . . . . . 1 . . . . . . . . . . . Locate Traps 2 | . . . . . 1 . . . 1 . . . . . . . Recall Investigation 1 | . . . . . 1 . . . . . . . . . . . Hauler Manifests 1 | . . . . . 1 . . . . . . . . . . . Derelict Proto ID Bank 1 | . . . 1 . . . . . . . . . . . . . Fabricator Hacks 10 | . . . . . . . . . 7 1 . . . . . 2 Network Status 2 | . . . . . . . . . 1 1 . . . . . . Load Schematic 4 | . . . . . . . . . 3 . . . . . . 1 Build 4 | . . . . . . . . . 3 . . . . . . 1 Repair Station Hacks 1 | . . . . . . . . . . . . . . . 1 . Scan Component 1 | . . . . . . . . . . . . . . . 1 . Recycling Unit Hacks 1 | . . . . . . . . . 1 . . . . . . . Retrieve Components 1 | . . . . . . . . . 1 . . . . . . . Scanalyzer 2 | . . . . . . . . . 2 . . . . . . . Insert Component 1 | . . . . . . . . . 1 . . . . . . . Analyze 1 | . . . . . . . . . 1 . . . . . . . Garrison Access Hacks 2 | . . . . . . . . . 1 . . . . . . 1 Seal Access 2 | . . . . . . . . . 1 . . . . . . 1 Unauthorized Hacks 7 | . . . . . 1 . . . 2 1 . . . . . 3 Terminals 4 | . . . . . 1 . . . 1 1 . . . . . 1 Assimilate 3 | . . . . . . . . . 1 1 . . . . . 1 Botnet 1 | . . . . . 1 . . . . . . . . . . . Fabricators 3 | . . . . . . . . . 1 . . . . . . 2 Prioritize 2 | . . . . . . . . . 1 . . . . . . 1 Liberate 1 | . . . . . . . . . . . . . . . . 1 Repair Stations . | . . . . . . . . . . . . . . . . . Recycling Units . | . . . . . . . . . . . . . . . . . Scanalyzers . | . . . . . . . . . . . . . . . . . Garrison Access . | . . . . . . . . . . . . . . . . . Data Cores Recovered . | . . . . . . . . . . . . . . . . . Used . | . . . . . . . . . . . . . . . . . Hacking Detections 23 | . . . . . 3 . 1 . 11 2 . . . . 1 5 Full Trace Events 4 | . . . . . 1 . . . 2 . . . . . 1 . Feedback Events . | . . . . . . . . . . . . . . . . . Feedback Blocked . | . . . . . . . . . . . . . . . . . Robot Schematics Acquired . | . . . . . . . . . . . . . . . . . Robots Built . | . . . . . . . . . . . . . . . . . Authchips . | . . . . . . . . . . . . . . . . . Time . | . . . . . . . . . . . . . . . . . Total Robot Build Rating . | . . . . . . . . . . . . . . . . . Part Schematics Acquired 1 | . . . . . . . . . 1 . . . . . . . Parts Built 8 | . . . . . . . . . 6 . . . . . . 2 Authchips 3 | . . . . . . . . . 2 . . . . . . 1 Time 170 | . . . . . . . . . 128 . . . . . . 42 Total Part Build Rating 64 | . . . . . . . . . 48 . . . . . . 16 Parts Repaired . | . . . . . . . . . . . . . . . . . Time . | . . . . . . . . . . . . . . . . . Parts Recycled . | . . . . . . . . . . . . . . . . . Recycled Matter . | . . . . . . . . . . . . . . . . . Retrieved Matter . | . . . . . . . . . . . . . . . . . Retrieved Components 1 | . . . . . . . . . 1 . . . . . . . Parts Scanalyzed 1 | . . . . . . . . . 1 . . . . . . . Part Schematics Acquired 1 | . . . . . . . . . 1 . . . . . . . Parts Damaged 1 | . . . . . . . . . 1 . . . . . . . Bothacking | -11 -10 -10 -10 -9 -8 -7 -6 -6 -5 -4 -4 -4 -3 -3 -2 -1 ------------ Run | Yrd Mat Min Exi Min Mat Fac Fac DSF Fac Fac Upp Upp Res DSF Res Acc Used RIF Installer . | . . . . . . . . . . . . . . . . . Robots Hacked . | . . . . . . . . . . . . . . . . . Non-combat . | . . . . . . . . . . . . . . . . . Combat . | . . . . . . . . . . . . . . . . . Robot Hacks Applied . | . . . . . . . . . . . . . . . . . Relay Couplers Released . | . . . . . . . . . . . . . . . . . Fabnet Peak Effective % . | . . . . . . . . . . . . . . . . . Robots Rewired . | . . . . . . . . . . . . . . . . . Allies Hacked . | . . . . . . . . . . . . . . . . . Hacks Repelled . | . . . . . . . . . . . . . . . . . Allies | -11 -10 -10 -10 -9 -8 -7 -6 -6 -5 -4 -4 -4 -3 -3 -2 -1 -------- Run | Yrd Mat Min Exi Min Mat Fac Fac DSF Fac Fac Upp Upp Res DSF Res Acc Total Allies 5 | . . 2 . . . . . . 1 1 . . . . . 1 Largest Group 2 | . . 2 . . . . . . 1 1 1 . . . . 1 Highest-Rated Group 53 | . . 53 . . . . . . 10 26 26 . . . . 45 Highest-Rated Ally 45 | . . 31 . . . . . . 10 26 26 . . . . 45 Total Orders . | . . . . . . . . . . . . . . . . . Ally Attacks 6 | . . 6 . . . . . . . . . . . . . . Total Damage 83 | . . 83 . . . . . . . . . . . . . . Kills 1 | . . 1 . . . . . . . . . . . . . . Allies Corrupted . | . . . . . . . . . . . . . . . . . Allies Melted . | . . . . . . . . . . . . . . . . . Intel | -11 -10 -10 -10 -9 -8 -7 -6 -6 -5 -4 -4 -4 -3 -3 -2 -1 ------- Run | Yrd Mat Min Exi Min Mat Fac Fac DSF Fac Fac Upp Upp Res DSF Res Acc Robot Analysis Total 1 | . . . . . 1 . . . . . . . . . . . Derelict Logs Recovered 2 | . . 2 . . . . . . . . . . . . . . Drone Launches . | . . . . . . . . . . . . . . . . . Drone Recoveries . | . . . . . . . . . . . . . . . . . Exploration | -11 -10 -10 -10 -9 -8 -7 -6 -6 -5 -4 -4 -4 -3 -3 -2 -1 ------------- Run | Yrd Mat Min Exi Min Mat Fac Fac DSF Fac Fac Upp Upp Res DSF Res Acc Turns Passed 1985 | 9 87 176 77 27 135 15 136 53 587 174 72 11 16 13 130 267 Spaces Moved 4097 | 18 119 338 205 66 212 37 142 109 1136 344 258 39 69 60 278 667 Core 332 | 18 119 195 . . . . . . . . . . . . . . Treads . | . . . . . . . . . . . . . . . . . Legs . | . . . . . . . . . . . . . . . . . Wheels . | . . . . . . . . . . . . . . . . . Hover . | . . . . . . . . . . . . . . . . . Flight 3765 | . . 143 205 66 212 37 142 109 1136 344 258 39 69 60 278 667 Fastest Speed 14 | 50 50 37 37 37 50 34 27 27 24 28 17 28 17 17 17 14 Average Speed 29 | 50 50 44 37 37 50 34 33 30 28 28 25 28 17 17 19 18 Slowest Speed 50 | 50 50 50 37 37 50 34 34 34 33 31 28 28 17 17 23 23 Overloaded Moves . | . . . . . . . . . . . . . . . . . Propulsion Burnouts . | . . . . . . . . . . . . . . . . . Robots Hopped 11 | . . . . . 6 . . 1 2 . . . . 1 . 1 Cave-ins Triggered . | . . . . . . . . . . . . . . . . . Exploration Rate (%) 32 | 3 30 87 58 25 34 3 7 93 35 8 45 8 3 74 14 24 Regions Visited 16 Branch Regions 5 Pre-discovered Areas 2 | . . . 1 1 . . . . . . . . . . . . Known Exits Taken 6 | . . . . . 1 1 1 . 1 . . . 1 . 1 . Unknown Exits Taken 8 | 1 1 1 1 1 . . . . . 1 1 1 . . . . Scrap Searched 2 | . . 1 . . . . . . . . 1 . . . . . Spaces Dug 26 | . . . . . . . . . 9 3 . . . . 9 5 Terrain Destroyed 102 | . . . . . . . . . 77 9 . . . . 11 5 Melee 5 | . . . . . . . . . . . . . . . . 5 Projectile 55 | . . . . . . . . . 35 9 . . . . 11 . AOE 42 | . . . . . . . . . 42 . . . . . . . Terrain Rammed . | . . . . . . . . . . . . . . . . . Walls Destroyed . | . . . . . . . . . . . . . . . . . Machines Disabled . | . . . . . . . . . . . . . . . . . Actions | -11 -10 -10 -10 -9 -8 -7 -6 -6 -5 -4 -4 -4 -3 -3 -2 -1 --------- Run | Yrd Mat Min Exi Min Mat Fac Fac DSF Fac Fac Upp Upp Res DSF Res Acc Total 4684 | 17 132 349 205 67 229 38 195 127 1346 408 264 38 72 60 343 794 Wait 360 | . . . . . 7 . 9 10 138 42 1 . . 1 49 103 Move 4059 | 17 118 337 204 65 200 36 141 106 1131 343 257 38 68 57 277 664 Hop 10 | . . . . . 5 . . 1 2 . . . . 1 . 1 Pick Up 27 | . . . 1 . 5 . . 6 11 1 1 . 2 . . . Fast Attach 35 | . 1 3 . 1 4 . 1 . 9 6 . . . 1 2 7 Attach 15 | . . . . . 1 2 2 . 2 . 4 . 2 . 1 1 Detach 5 | . . . . . 1 . . . 1 2 . . . . 1 . Swap 10 | . . . . . . . . 1 2 . . . . . 1 6 Drop 28 | . . . . 1 2 . . 3 13 4 1 . . . 1 3 Fire 126 | . 13 9 . . 3 . 42 . 37 10 . . . . 11 1 Melee 8 | . . . . . . . . . . . . . . . . 8 Ram 1 | . . . . . 1 . . . . . . . . . . . Kick . | . . . . . . . . . . . . . . . . . Crush . | . . . . . . . . . . . . . . . . . Escape Stasis . | . . . . . . . . . . . . . . . . . Rewire . | . . . . . . . . . . . . . . . . . Trap . | . . . . . . . . . . . . . . . . . Miscellaneous . | . . . . . . . . . . . . . . . . . Route ------- -11/Scrapyard -10/Materials -10/Mines (discovered 3 exits: [*Mat x2] / *Exi) -10/Exiles -9/Mines -8/Materials (discovered 3 exits: *Fac x3) -7/Factory -6/Factory -6/DSF -5/Factory (discovered 4 exits: *Fac x4) -4/Factory -4/Upper Caves -4/Upper Caves -3/Research -3/DSF -2/Research (discovered 3 exits: *Acc x3) -1/Access To Epsilon Eridani History --------- Turn | Location | Event 4 | -11/Scrapyard | Discovered new exit (range 13) 10 | -11/Scrapyard | Entered Materials 92 | -10/Materials | Discovered new exit (range 12) 97 | -10/Materials | Entered Mines 112 | -10/Mines | Discovered new exit (range 10) 191 | -10/Mines | Learned location of 1 exit from Materials 223 | -10/Mines | Discovered new exit (range 12) 268 | -10/Mines | Received a Rocket Launcher from a helpful Derelict 271 | -10/Mines | Deemed a non-threat by the Exiles lab entrance 271 | -10/Mines | Discovered new exit (range 5) 273 | -10/Mines | Entered Exiles 282 | -10/Exiles | Met 8R-AWN 289 | -10/Exiles | Met EX-HEX 299 | -10/Exiles | Met EX-BIN 303 | -10/Exiles | Aligned with FarCom system 303 | -10/Exiles | Given EX-Vault access code 312 | -10/Exiles | Opened EX-Vault 314 | -10/Exiles | Found Flying Fortress v7 317 | -10/Exiles | Build established: Mutant 323 | -10/Exiles | Warned to stay clear of 0b10 Research branches 333 | -10/Exiles | Met EX-DEC 335 | -10/Exiles | Learned location of Zion (-7) 346 | -10/Exiles | Discovered new exit (range 11) 350 | -10/Exiles | Left Exiles lab with Flying Fortress v7 350 | -10/Exiles | Entered Mines 359 | -9/Mines | Found the Drone Emporium 360 | -9/Mines | Found Prototype Device 360 | -9/Mines | Identified Decoy Drone Bay 372 | -9/Mines | Discovered new exit (range 14) 374 | -9/Mines | Learned location of Storage (-9) 377 | -9/Mines | Entered Materials 377 | -8/Materials | Evolved 4 slots: Propulsion x2, Utility x2 378 | -8/Materials | Identified exit to Factory 512 | -8/Materials | Entered Factory 512 | -7/Factory | Evolved 2 slots: Propulsion x2 520 | -7/Factory | Discovered new exit (range 18) 526 | -7/Factory | Identified exit to Factory 527 | -7/Factory | Entered another Factory area 527 | -6/Factory | Evolved 2 slots: Propulsion x2 663 | -6/Factory | Identified exit to DSF 663 | -6/Factory | Entered DSF 686 | -6/DSF | Additional patrols routed to DSF 703 | -6/DSF | Discovered new exit (range 17) 716 | -6/DSF | Identified exit to Factory 716 | -6/DSF | Entered Factory 716 | -5/Factory | Evolved 2 slots: Propulsion x2 850 | -5/Factory | Spotted B-75 Beast 899 | -5/Factory | Identified exit to Factory 979 | -5/Factory | Fabricated Q-thruster (x2) 1013 | -5/Factory | Build established: Sprinter 1118 | -5/Factory | Fabricated Q-thruster (x2) 1154 | -5/Factory | Fabricated Q-thruster (x2) 1303 | -5/Factory | Entered another Factory area 1303 | -4/Factory | Evolved 2 slots: Utility x2 1453 | -4/Factory | Discovered new exit (range 19) 1477 | -4/Factory | Entered Upper Caves 1477 | -4/Upper Caves | Accompanied by 1 ally 1478 | -4/Upper Caves | Encountered a Warlord checkpoint 1546 | -4/Upper Caves | Discovered new exit (range 12) 1549 | -4/Upper Caves | Entered another Upper Caves area 1559 | -4/Upper Caves | Discovered new exit (range 6) 1560 | -4/Upper Caves | Entered Research 1560 | -3/Research | Evolved 2 slots: Power x1, Utility x1 1570 | -3/Research | Found Prototype Device 1576 | -3/Research | Identified exit to DSF 1576 | -3/Research | Entered DSF 1583 | -3/DSF | Discovered new exit (range 20) 1589 | -3/DSF | Entered Research 1589 | -2/Research | Evolved 2 slots: Utility x2 1614 | -2/Research | Identified exit to Access 1690 | -2/Research | Found Prototype Hackware 1690 | -2/Research | Identified Exp. Hacking Suite 1719 | -2/Research | Entered Access 1719 | -1/Access | Evolved 2 slots: Propulsion x1, Utility x1 1761 | -1/Access | Fabricated Q-thruster (x2) 1832 | -1/Access | Identified Exp. Thermal Shield 1985 | -1/Access | Discovered new exit (range 6) 1986 | -1/Access | Identified exit to Surface 1986 | *** | Escaped! Last Messages --------------- 01871_ W-44 Eye sends out distress signal. 01876_ K-01 Serf cleans the Sealed Freight Elevator. 01888_ Acquired 95 matter. 01893_ Imp. Coolant Injector melts away. 01939_ Acquired Hacking Suite. 01977_ Triggered Blade Trap. 01977_ Massive razor-sharp blades shoot up from within the floor. 01977_ Adv. Plasma Cannon severed. 01977_ Reaction Control System severed. 01978_ Acquired Adv. Plasma Cannon. 01979_ Acquired Reaction Control System. 01981_ U-05 Engineer lays Concrete. 01985_ Connecting with Terminal... >>Open(Door) Sealed Barrier opened. 01985_ The Access Shell folds into the floor. 01985_ EXIT=FOUND 01986_ EXIT=IDENTIFIED: SURFACE [Achievement: Speedrunner] [Achievement: True Flier] Map ----- +----------------------------------------------------+ | ?????????? [[ #??????????????????????????????? | | ?????????? [[ #??????????????????????????????? | | ??????????? [[ #??????????????????????????????? | | ??????????? #??????????????????????????????? | | ???????????? #??????????????????????????????? | | ???????????? #??????????????????????????????? | | ????????????? ???????????????????????????????? | | ????????????? ???????????????????????????????? | | ?????????????? ????????????????????????????????? | | ?????????????? ????????????????????????????????? | | ###############+###################### #????????? | | ^ k #????????? | | #????????? | | ########+############ ""#?????????????????? | | ?????? ?????????# ""#?????????????????? | | ???? #???????# ""#?????????????????? | | ?# """"" #???????# T#?????????????????? | | ## ""R"" #???????# ""#?????????????????? | | ## " " #???????# ""#?????????????????? | | ## #??????## ""##????????????????? | | ## = #??????# #????????????????? | | ## #??????## ##????????????????? | | ############???????# #?????????????????? | | #??????????????????# #?????????????????? | | #??????????????????# #?????????????????? | | #??????????????????# @" #?????????????????? | | ##??????????????????# "" #?????????????????? | | ????????????????????# #?????????????????? | | ????????????????????# #?????????????????? | | ????????????????????# #?????????????????? | | ????????????????????#""""""""""#?????????????????? | | ?????????????????????????????????????????????????? | | ?????????????????????????????????????????????????? | | ?????????????????????????????????????????????????? | | ?????????????????????????????????????????????????? | | ??????????????????????BB????BB???????????????????? | | ??????????????????????BB????BB???????????????????? | | ?????????????????????????????????????????????????? | | ?????????????????????????????????????????????????? | | ?????????????????????????????????????????????????? | | ?????????????????????????????????????????????????? | | ?????????????????????????????????????????????????? | | ?????????????????????????????????????????????????? | | ?????????????????????????????????????????????????? | | ?????????????????????????????????????????????????? | | ?????????????????????????????????????????????????? | | ?????????????????????????????????????????????????? | | ?????????????????????????????????????????????????? | | ?????????????????????????????????????????????????? | | ?????????????????????????????????????????????????? | +----------------------------------------------------+ Best States ------------- Heat Dissipation 52 Coolant Potential 80 Energy Generation 49 Energy Capacity 240 Matter Stores 300 Matter Capacity 300 Sight Range 20 Terrain Scan Density 10 Jamming Range 14 Power Amplification 30 Resistance: TH 30 Evasion (%) 73 Offensive Hacking 36 Defensive Hacking 14 Authchip Count 4 Item Schematics ----------------- Q-thruster | -5/Factory | Scanalyzed Robot Schematics ------------------ None Fabricated ------------ Q-thruster | x2 | -5/Factory | Preloaded Q-thruster | x2 | -5/Factory | Authchip Q-thruster | x2 | -5/Factory | Authchip Q-thruster | x2 | -1/Access | Authchip Alien Tech Used ----------------- None Achievements -------------- Speedrunner True Flier Challenges ------------ None Game ------ Seed TiamatDiametricDoublenader Manual? 0 Play Time 00:45:22 Cumulative 209.7 hours Start 2024.07.21 @ 18:06:45 End 2024.07.22 @ 16:21:55 Sessions 3 Manual Loads 0 Difficulty Rogue Special Mode None Game No. 97 Rogue 97 Adventurer 0 Explorer 0 Win Type 0 Total 7 Types 4/1/2/0/0/0/0/0/0 Lore% 79 Gallery% 85 Achievement% 67 Wizard Run 0 Options --------- Layout 0 ASCII 0 Keyboard 0 Movement Mouse Keybinds 0 Fullscreen 2 Font 18/SmallcapsGlow Map View 76x50 Zoom Use 0% Tactical HUD 1 Map Filters NONE Filters NONE Steam 1 RUN: 19f3f2cd-b977-44fe-89a3-3649b141bc13